 Dungeon Crawl Stone Soup version 0.22-a0-110-g5b255cf (webtiles) character file.

20917 nono the Fighter (level 12, -2/67 HPs)
             Began as a Vine Stalker Hunter on Jan 27, 2018.
             Was a Believer of the Shining One.
             Killed from afar by a molten gargoyle (29 damage)
             ... with a bolt of magma
             ... in a volcano.
             The game lasted 00:51:29 (9028 turns).

nono the Fighter (Vine Stalker Hunter)              Turns: 9028, Time: 00:51:30

Health: -2/67      AC: 16    Str: 23 (24) XL:     12   Next: 84%
Magic:  0/13       EV:  9    Int:  9 (11) God:    the Shining One [**....]
Gold:   666        SH: 26    Dex: 15 (16) Spells: 11/11 levels left

rFire    . . .     SeeInvis .   b - +3 dagger (protect)
rCold    . . .     Gourm    .   G - +3 large shield "Toosogosm" {Str+3}
rNeg     + . .     Faith    .   d - +0 steam dragon scales
rPois    .         Spirit   +   y - +0 helmet
rElec    .         Reflect  .   (no cloak)
rCorr    .         Harm     .   m - +0 pair of gloves
MR       +....                  (no boots)
Stlth    +.........             (no amulet)
HPRegen  1.01/turn              A - ring of stealth
MPRegen  0.13/turn              R - +2 ring of strength

@: divine shield, protection aura, glowing
A: fangs 3, regeneration 2, magic shield, antimagic bite, no potion heal 3, rot
immunity
a: Divine Shield, Renounce Religion


You were in a volcano.
You worshipped the Shining One.
The Shining One was pleased with you.
You were very hungry.

You visited 3 branches of the dungeon, and saw 15 of its levels.
You also visited: Sewer and Volcano.

You collected 778 gold pieces.
You spent 112 gold pieces at shops.

Inventory:

Hand Weapons
 b - a +3 dagger of protection (weapon)
 i - a +0 whip
 n - a +0 rapier
 q - a +1 dagger of speed
 u - a +0 short sword
Missiles
 k - 3 silver javelins (quivered)
 K - a throwing net
 M - 19 arrows
Armour
 c - a +0 leather armour
 d - +0 steam dragon scales (worn)
 j - a +0 chain mail
 l - a +0 scale mail
 m - a +0 pair of gloves (worn)
 o - a +0 plate armour
 y - a +0 helmet (worn)
 B - the +1 robe of Supple Strength {*Corrode rF- rC+++ MR++}
   (You found it on level 4 of the Dungeon)

   It makes you vulnerable to fire.
   It renders you almost immune to cold.
   It affects your resistance to hostile enchantments.
   It may corrode you when you take damage.
 F - a +0 leather armour of fire resistance
 G - the +3 large shield "Toosogosm" (worn) {Str+3}
   (You found it on level 5 of the Dungeon)

   It affects your strength (+3).
 I - a +0 scale mail
Jewellery
 p - an uncursed amulet of magic regeneration
 A - a ring of stealth (left hand)
 R - a +2 ring of strength (right hand)
Wands
 t - a wand of disintegration (10)
 H - a wand of acid (2)
 J - a wand of polymorph (13)
Scrolls
 e - 4 scrolls of amnesia
 g - 7 scrolls of teleportation
 h - 7 scrolls of remove curse
 r - 5 scrolls of fog
 s - 3 scrolls of enchant weapon
 v - 3 scrolls of random uselessness
 w - 2 scrolls of enchant armour
 E - 3 scrolls of blinking
 L - 3 scrolls of immolation
 O - a scroll of magic mapping
 P - 2 scrolls of fear
Potions
 a - 2 potions of curing
 x - 2 potions of lignification
 z - a potion of cancellation
 D - 2 potions of heal wounds
 U - a potion of haste
Books
 N - a book of Misfortune

   Spells                             Type                      Level
   a - Confusing Touch                Hexes                        1
   b - Confuse                        Hexes                        3
   c - Gell's Gravitas                Translocation                3
   d - Petrify                        Transmutation/Earth          4
   e - Metabolic Englaciation         Hexes/Ice                    5
   f - Yara's Violent Unravelling     Hexes/Transmutation          5
Comestibles
 f - 22 rations


   Skills:
 + Level 10.2 Fighting
 + Level 9.2 Short Blades
   Level 6.5 Bows
 + Level 8.0 Armour
 - Level 1.5 Dodging
 - Level 1.2 Stealth
 + Level 9.2 Shields


You had 11 spell levels left.
You didn't know any spells.

Dungeon Overview and Level Annotations

Branches:
Dungeon (11/15)            Temple (1/1) D:7            Lair (3/6) D:10
  Swamp: Lair:2-4    Shoals: Lair:2-4     Snake: Lair:2-4    Spider: Lair:2-4
    Orc: D:9-12

Altars:
Elyvilon
Hepliaklqana
Makhleb
Nemelex Xobeh
Qazlal
Ru
Sif Muna
Trog
Vehumet
Wu Jian
Xom
Yredelemnul
Zin
The Shining One

Shops:
D:10 *


Innate Abilities, Weirdness & Mutations

You have razor-sharp teeth.
You heal very quickly.
When hurt, damage is shared between your health and your magic reserves.
Your bite disrupts and absorbs the magic of your enemies.
Potions cannot restore your health.
You are immune to rotting.


Message History

You bite the molten gargoyle, but do no damage.
The molten gargoyle is severely damaged.
You hit the molten gargoyle but do no damage.
You bite the molten gargoyle, but do no damage.
The molten gargoyle is severely damaged.
You block the molten gargoyle's attack.
You hit the molten gargoyle but do no damage.
You bite the molten gargoyle, but do no damage.
The molten gargoyle is severely damaged.
You hit the molten gargoyle but do no damage.
You bite the molten gargoyle, but do no damage.
The molten gargoyle is severely damaged.
The molten gargoyle blasts magma at you!
The bolt of magma hits you!
You hit the molten gargoyle but do no damage.
You bite the molten gargoyle, but do no damage.
The molten gargoyle is severely damaged.
The molten gargoyle blasts magma at you!
The bolt of magma hits you!
You die...

§§≈ #.∩..#.8_8.# ≈
#....#.....# ≈ ..###''###'###
≈≈§§ ≈≈≈§§≈.#......#†#
≈§§§≈≈≈≈§§.§######.#.#
≈§≈≈≈≈≈§§≈§.#.$[$#.#.#
≈§≈§≈≈≈§§§..#.$!$#.#.#
≈≈≈≈≈≈≈≈§§≈.#..))#.#.#
≈≈≈§≈§§§§§..#..9@..#.#
§§≈§§≈≈≈§§§.########'#######
§≈≈§§≈§§§§...§...§....§.....
§§≈§≈≈≈§§§≈.≈§≈§≈§§§§≈≈§§.≈≈§
§≈§§§≈≈§≈..≈≈≈≈§≈≈≈§≈§§≈≈§§§.
§§≈§≈§≈..§≈≈§≈§§§≈≈≈§§≈§§≈≈≈≈
§≈§§§..≈≈≈≈≈≈§≈≈§≈≈≈§§§§§≈§≈≈
§§≈≈.≈§§§§≈§≈≈≈.≈≈≈≈§≈≈≈≈≈§≈§
§§..≈≈≈≈≈§≈§§......≈≈≈§≈≈≈≈≈§


You could see a molten gargoyle.

Vanquished Creatures
  Erolcha (D:9)
  A hydra (Lair:1)
  4 two-headed ogres
  The ghost of anet the Jinx, a journeyman DEWz of Ashenzari (D:10)
  A fire crab (Volcano)
  The ghost of SnubMonkey the Archer, a novice CeHu of Okawaru (D:7)
  2 lindwurms
  Pikel (D:8)
  Maurice (D:10)
  A black mamba (Lair:2)
  10 spiny frogs
  A gargoyle (D:9)
  A rime drake (Lair:3)
  3 komodo dragons
  2 hippogriffs
  10 blink frogs
  A yak (D:9)
  A fire bat (Volcano)
  3 wyverns
  A steam dragon (Volcano)
  A hungry ghost (D:9)
  A hell hound (Volcano)
  2 water moccasins
  5 orc warriors
  8 porcupines
  A sky beast (D:5)
  4 ogres
  4 ice beasts
  A phantom (D:6)
  8 centaurs
  2 crocodiles
  A gnoll sergeant (D:9)
  6 bullfrogs
  A scorpion (D:7)
  11 killer bees
  A wight (D:9)
  3 howler monkeys (D:10)
  2 lava snakes (Volcano)
  A centaur zombie (D:8)
  2 crimson imps (D:9)
  2 quasits
  6 hounds
  4 jellies
  4 orc priests
  A bullfrog skeleton (D:5)
  9 orc wizards
  An iguana (D:5)
  9 worker ants
  2 hound skeletons
  Robin (D:3)
  11 gnolls
  2 river rats (D:3)
  15 adders
  3 shadow imps
  An ooze (D:4)
  2 adder skeletons
  5 worms
  2 dart slugs
  6 leopard geckos
  34 orcs
  5 giant cockroaches
  15 goblins
  10 hobgoblins
  2 quokkas
  10 bats
  4 frilled lizards
  2 jackal skeletons
  8 kobolds
  A leopard gecko skeleton (D:8)
  2 quokka zombies
  5 rats
296 creatures vanquished.

Vanquished Creatures (others)
  A hell hound (Volcano)
  A slave (D:9)
  A scorpion (D:8)
  A jackal (D:9)
  2 fungi
  2 plants (Lair:2)
8 creatures vanquished.

Grand Total: 304 creatures vanquished

Notes
Turn   | Place    | Note
-------+----------+-------------------------------------------
     0 | D:1      | nono the Vine Stalker Hunter began the quest for the Orb.
     0 | D:1      | Reached XP level 1. HP: 11/11 MP: 2/2
   169 | D:1      | Reached XP level 2. HP: 15/15 MP: 1/3
   567 | D:2      | Reached XP level 3. HP: 16/18 MP: 4/4
   849 | D:2      | Reached skill level 5 in Bows
   849 | D:2      | Gained mutation: Your natural rate of healing is unusually fast. [Vine Stalker growth]
   849 | D:2      | Reached XP level 4. HP: 21/23 MP: 5/5
  1304 | D:3      | Reached skill level 2 in Fighting
  1375 | D:3      | Noticed Robin
  1399 | D:3      | Killed Robin
  1399 | D:3      | Reached XP level 5. HP: 25/27 MP: 6/6
  1607 | D:3      | Found an ornate altar of the Wu Jian Council.
  1844 | D:3      | Found a glowing drain.
  1849 | Sewer    | Entered a sewer
  1894 | Sewer    | Noticed a crocodile
  1909 | Sewer    | Killed a crocodile
  1909 | Sewer    | Reached skill level 3 in Fighting
  1909 | Sewer    | Reached XP level 6. HP: 22/32 MP: 7/7
  2349 | D:4      | Got a crude robe
  2360 | D:4      | Identified the +1 robe of Supple Strength {*Corrode rF- rC+++ MR++} (You found it on level 4 of the Dungeon)
  2423 | D:4      | Reached skill level 4 in Fighting
  2472 | D:4      | Reached XP level 7. HP: 20/37 MP: 4/8
  2546 | D:4      | Found a hazy altar of Hepliaklqana.
  2804 | D:5      | Entered Level 5 of the Dungeon
  2815 | D:5      | Got a jewelled large shield
  2821 | D:5      | Identified the +3 large shield "Toosogosm" {Str+3} (You found it on level 5 of the Dungeon)
  2859 | D:5      | Reached skill level 1 in Short Blades
  2940 | D:5      | Reached skill level 1 in Shields
  3179 | D:5      | Found a bloodstained altar of Trog.
  3293 | D:5      | Reached skill level 5 in Fighting
  3293 | D:5      | Gained mutation: You have razor-sharp teeth. [Vine Stalker growth]
  3293 | D:5      | Reached XP level 8. HP: 43/43 MP: 9/9
  3436 | D:6      | Reached skill level 1 in Armour
  4381 | D:6      | Reached XP level 9. HP: 48/48 MP: 8/10
  4436 | D:6      | Reached skill level 6 in Fighting
  4502 | D:7      | Found a sacrificial altar of Ru.
  4589 | D:7      | Noticed SnubMonkey's ghost (novice CeHu)
  4632 | D:7      | Killed SnubMonkey's ghost
  4914 | D:7      | Found a staircase to the Ecumenical Temple.
  4922 | Temple   | Entered the Ecumenical Temple
  4948 | Temple   | Became a worshipper of the Shining One
  5032 | D:7      | Found a deep blue altar of Sif Muna.
  5032 | D:7      | Found a white marble altar of Elyvilon.
  5032 | D:7      | Found a stormy altar of Qazlal.
  5215 | D:8      | Noticed Pikel
  5232 | D:8      | Killed Pikel
  5232 | D:8      | Reached skill level 5 in Short Blades
  5232 | D:8      | Reached skill level 5 in Shields
  5257 | D:8      | Reached skill level 7 in Fighting
  5257 | D:8      | Reached XP level 10. HP: 48/55 MP: 9/11
  5325 | D:8      | Noticed a two-headed ogre
  5339 | D:8      | Killed a two-headed ogre
  5478 | D:9      | Noticed a two-headed ogre
  5538 | D:9      | Noticed a two-headed ogre
  5555 | D:9      | Killed a two-headed ogre
  5555 | D:9      | Reached skill level 5 in Armour
  5833 | D:9      | Reached * piety under the Shining One
  5994 | D:9      | Noticed Erolcha
  6012 | D:9      | Killed Erolcha
  6012 | D:9      | Reached skill level 8 in Fighting
  6055 | D:9      | Found a runed door.
  6124 | D:9      | Reached XP level 11. HP: 60/60 MP: 12/12
  6250 | D:10     | Entered Level 10 of the Dungeon
  6264 | D:10     | Noticed Maurice
  6293 | D:10     | Killed Maurice
  6301 | D:10     | Noticed anet's ghost (journeyman DEWz)
  6370 | D:10     | Noticed a two-headed ogre
  6462 | D:9      | Killed a two-headed ogre
  6577 | D:9      | Reached ** piety under the Shining One
  6769 | D:10     | Killed anet's ghost
  6796 | D:10     | Found a bloodstained altar of Trog.
  6851 | D:9      | Noticed a two-headed ogre
  6873 | D:9      | Killed a two-headed ogre
  7110 | D:10     | Found a staircase to the Lair.
  7142 | D:11     | Noticed a green ugly thing
  7222 | D:10     | Found Edawael's General Store.
  7232 | D:10     | Bought a scroll of fear for 56 gold pieces
  7232 | D:10     | Bought a scroll of magic mapping for 56 gold pieces
  7380 | Lair:1   | Entered Level 1 of the Lair of Beasts
  7384 | Lair:1   | Reached skill level 9 in Fighting
  7438 | Lair:1   | Noticed an eight-headed hydra
  7452 | Lair:1   | Killed an eight-headed hydra
  7666 | Lair:1   | Gained mutation: You heal very quickly. [Vine Stalker growth]
  7666 | Lair:1   | Reached XP level 12. HP: 45/66 MP: 13/13
  8566 | Lair:3   | Reached skill level 10 in Fighting
  8641 | Lair:3   | Found a dark tunnel.
  8708 | Volcano  | Entered a volcano
  8864 | Volcano  | Found a burning altar of Makhleb.
  9028 | Volcano  | Killed from afar by a molten gargoyle

Vault maps used:
D:1:      evilmike_arrival_run_for_it, minmay_pentomino_o2
D:2:      guppyfry_early_orc_mine
D:3:      nicolae_overflow_crystal_walls, lightli_sewer_entry_pipes, uniq_robin
D:4:      lemuel_coloured_pillars_altar
D:5:      kennysheep_mini_moat, first_ration, kennysheep_decorative_pillar
D:6:      centaur_isle
D:7:      gammafunk_temple_overflow_forgotten, temple_statues, grunt_ogre_cave,
          st_stairs_8, nicolae_ru_sacrificial_ziggurat
D:8:      uniq_pikel
D:9:      minmay_st_funbox, uniq_erolcha
D:10:     lair_entry_dummy, serial_shops, nicolae_shop_behind_doors, trog_book,
          uniq_maurice
Temple:   kb_temple_of_zot
Lair:1:   grunt_megastairs_3
Lair:2:   serial_bayou_pond_a, grunt_megastairs_1
Lair:3:   nicolae_volcano_entry_vermiform
Sewer:    sewer_big_baddie
Volcano:  volcano_lake

Skill      XL: |  1  2  3  4  5  6  7  8  9 10 11 12 |
---------------+-------------------------------------+-----
Bows           | 4 5 6 |  6.5
Fighting       | 2 3 4 5 7 8 9 10 | 10.2
Short Blades   | 2 3 5 6 8 9 |  9.2
Shields        | 2 3 5 6 8 9 |  9.2
Armour         | 2 4 5 6 8 |  8.0
Dodging        | |  1.5
Stealth        | |  1.2

Action                   |  1- 3 |  4- 6 |  7- 9 | 10-12 || total
-------------------------+-------+-------+-------+-------++-------
Melee: Short sword       |    20 |       |       |       ||    20
       Bite              |     7 |    26 |   131 |   431 ||   595
       Dagger            |       |   140 |   262 |   951 ||  1353
       Rapier            |       |       |    52 |    47 ||    99
 Fire: Shortbow          |    66 |   161 |    81 |       ||   308
Throw: Javelin           |       |     3 |       |       ||     3
Invok: Divine Shield     |       |       |       |    11 ||    11
Evoke: Wand              |       |       |     1 |    11 ||    12
       Box of beasts     |       |       |       |     1 ||     1
  Use: Scroll            |       |     7 |     2 |     9 ||    18
       Potion            |       |     3 |     4 |     6 ||    13
  Eat: Chunk             |       |     4 |     6 |    12 ||    22
       Ration            |       |       |     1 |     1 ||     2
Armor: Scale mail        |    13 |   104 |    49 |     2 ||   168
       Leather armour    |       |       |    12 |    11 ||    23
       Chain mail        |       |       |       |   101 ||   101
       Plate armour      |       |       |       |   100 ||   100
       Steam dragon scal |       |       |       |     9 ||     9
Dodge: Dodged            |    24 |   108 |    51 |    85 ||   268
Block: Large shield      |       |       |   185 |   847 ||  1032

Table legend:
 A = Spawn XP
 B = Non-spawn XP
 C = Spawn XP percentage of total XP
 D = Spawn monster count
 E = Non-spawn monster count
 F = Spawn count percentage of total count
 G = Total turns spent on level
                    A         B        C        D         E        F      G
               +---------+---------+-------+---------+---------+-------+---------
         Total |       0 |   29882 |   0.0 |       0 |     297 |   0.0 |  9028
               +---------+---------+-------+---------+---------+-------+---------
           D:1 |       0 |      21 |   0.0 |       0 |      12 |   0.0 |   503
           D:2 |       0 |      87 |   0.0 |       0 |      26 |   0.0 |   703
           D:3 |       0 |     166 |   0.0 |       0 |      35 |   0.0 |   761
           D:4 |       0 |     468 |   0.0 |       0 |      29 |   0.0 |   715
           D:5 |       0 |     460 |   0.0 |       0 |      10 |   0.0 |   574
           D:6 |       0 |    1191 |   0.0 |       0 |      17 |   0.0 |  1190
           D:7 |       0 |    1160 |   0.0 |       0 |      13 |   0.0 |   404
           D:8 |       0 |    2606 |   0.0 |       0 |      25 |   0.0 |   571
           D:9 |       0 |    6087 |   0.0 |       0 |      44 |   0.0 |  1095
          D:10 |       0 |    2582 |   0.0 |       0 |      26 |   0.0 |   644
          D:11 |       0 |      41 |   0.0 |       0 |       1 |   0.0 |    25
        Lair:1 |       0 |    4959 |   0.0 |       0 |      17 |   0.0 |   612
        Lair:2 |       0 |    5586 |   0.0 |       0 |      20 |   0.0 |   521
        Lair:3 |       0 |    2246 |   0.0 |       0 |       8 |   0.0 |   195
         Sewer |       0 |     109 |   0.0 |       0 |       6 |   0.0 |   144
       Volcano |       0 |    2113 |   0.0 |       0 |       8 |   0.0 |   320
               +---------+---------+-------+---------+---------+-------+---------
